 Dungeon Crawl Stone Soup version 0.19.4 (webtiles) character file.

959 JirkfaceJones the Cudgeler (level 8, 0/50 HPs)
             Began as a Gargoyle Berserker on Feb 5, 2017.
             Was a Believer of Trog.
             Killed by divine providence
             ... invoked by an orc priest
              (11 damage)
             ... on level 5 of the Dungeon.
             The game lasted 00:09:17 (3433 turns).

JirkfaceJones the Cudgeler (Gargoyle Berserker)     Turns: 3433, Time: 00:09:17

Health: 0/50       AC: 13    Str: 22    XL:     8   Next: 14%
Magic:  10/10      EV: 10    Int:  9    God:    Trog [**....]
Gold:   159        SH:  0    Dex:  9    Spells: 0 memorised, 7 levels left

rFire  x . .     SeeInvis .     n - +2 flail (holy)
rCold  + . .     Gourm    .     h - +0 scale mail
rNeg   + . .     Faith    .     (no shield)
rPois  ∞         Spirit   .     (no helmet)
rElec  +         Reflect  .     e - +0 cloak
rCorr  .         Harm     .     (no gloves)
MR     .....                    (no boots)
Stlth  ..........               (no amulet)
                                (no ring)
                                p - ring of ice

@: exhausted, slowed, very slow
A: negative energy resistance 1, electricity resistance, unbreathing,
petrification resistance, rot immunity, AC +5
a: Berserk, Trog's Hand, Burn Spellbooks, Renounce Religion


You were on level 5 of the Dungeon.
You worshipped Trog.
Trog was pleased with you.
You were very hungry.

You visited 2 branches of the dungeon, and saw 6 of its levels.

You collected 159 gold pieces.

Inventory:

Hand Weapons
 a - a +0 mace
 n - a +2 flail of holy wrath (weapon)
Missiles
 g - 11 javelins (quivered)
Armour
 b - a +0 animal skin
 d - a +0 leather armour
 e - a +0 cloak (worn)
 h - a +0 scale mail (worn)
Jewellery
 p - a ring of ice (left hand)
 t - an uncursed ring of ice
Wands
 s - a wand of enslavement (8/24)
Scrolls
 f - 5 scrolls of identify
 j - a scroll of teleportation
 l - 2 scrolls of magic mapping
 o - a scroll of fear {unknown}
Potions
 m - 3 potions of curing
 r - a potion of haste {unknown}
Comestibles
 c - 2 bread rations
 i - 4 meat rations
 k - a chunk of flesh
 q - 5 fruits


   Skills:
 + Level 5.5 Fighting
 * Level 6.7 Maces & Flails
 + Level 5.0 Armour
 - Level 1.5 Dodging
 + Level 2.9 Evocations


You had 7 spell levels left.
You didn't know any spells.

Dungeon Overview and Level Annotations

Branches:
Dungeon (5/15)             Temple (1/1) D:4

Altars:
Ashenzari
Cheibriados
Dithmenos
Elyvilon
Fedhas
Gozag
Hepliaklqana
Kikubaaqudgha
Makhleb
Nemelex Xobeh
Okawaru
Qazlal
Ru
Sif Muna
Trog
Uskayaw
Vehumet
Xom
Yredelemnul
Zin
The Shining One


Innate Abilities, Weirdness & Mutations

You are resistant to torment.
Your stone body is resilient. (AC +5)
You are immune to poison.
You resist negative energy. (rN+)
You are resistant to electric shocks. (rElec)
You can survive without breathing.
You are immune to petrification.
You are immune to rotting.


Message History

You feel a strong urge to attack something.
Things that are here:
a hand axe of electrocution; a tomahawk You see here a tomahawk.
You feel your anger subside.
You are no longer berserk.
You are exhausted.
You feel yourself slow down.
The orc warrior throws a steel tomahawk.
The steel tomahawk closely misses you.
The orc warrior throws a steel tomahawk.
The steel tomahawk hits you.
* * * LOW HITPOINT WARNING * * *
You see here a steel tomahawk.
The orc priest looks satisfied for a moment.
The ogre hits you with a giant spiked club.
* * * LOW HITPOINT WARNING * * *
Okay, then.
The orc priest calls down the wrath of Beogh upon you.
Beogh smites you!
You die...

......#####(.#######
...$...oo.........>#
.......#####.o####.##
... ##.###... %.
#.o##..# # ##o##..#
###o(#..## #.O......#
#@##.....# #.#......#
#.#.#....# #.#......#
#.####..#######
..............#
..#####.#####.#
###.......#
##_#####...#


You could see an ogre and 2 orc priests.

Vanquished Creatures
  The ghost of Sagittarian the Insei, an amateur DsGl (D:4)
  A phantom (D:4)
  An ogre (D:5)
  The ghost of VoxxSkies the Changer, an amateur MfTm (D:3)
  A howler monkey (D:4)
  6 hounds (D:4)
  3 orc priests
  2 orc wizards
  2 worker ants (D:4)
  2 adders (D:3)
  2 oozes
  A worm (D:3)
  2 dart slugs (D:5)
  A leopard gecko (D:3)
  7 orcs
  2 ball pythons (D:4)
  2 giant cockroaches
  6 goblins
  9 hobgoblins
  7 jackals (D:3)
  3 quokkas
  5 bats
  4 frilled lizards
  7 kobolds
  A quokka skeleton (D:4)
  4 rats
83 creatures vanquished.

Notes
Turn   | Place    | Note
-------+----------+-------------------------------------------
     0 | D:1      | JirkfaceJones the Gargoyle Berserker began the quest for the Orb.
     0 | D:1      | Reached XP level 1. HP: 14/14 MP: 1/1
    12 | D:1      | Noticed an electric eel
   335 | D:1      | Reached XP level 2. HP: 17/19 MP: 2/2
   682 | D:2      | Reached XP level 3. HP: 20/23 MP: 3/3
   733 | D:2      | Reached ** piety under Trog
  1086 | D:3      | Noticed VoxxSkies's ghost (amateur MfTm)
  1098 | D:3      | Killed VoxxSkies's ghost
  1098 | D:3      | Reached skill level 4 in Maces & Flails
  1098 | D:3      | Reached XP level 4. HP: 29/29 MP: 4/4
  1098 | D:3      | Reached XP level 5. HP: 33/33 MP: 5/5
  1710 | D:4      | Reached skill level 5 in Maces & Flails
  1798 | D:4      | Found a staircase to the Ecumenical Temple.
  1809 | D:4      | Reached skill level 1 in Evocations
  1809 | D:4      | Reached XP level 6. HP: 32/39 MP: 6/6
  1826 | Temple   | Entered the Ecumenical Temple
  2369 | D:4      | Noticed Sagittarian's ghost (amateur DsGl)
  2726 | D:4      | Noticed a phantom
  2734 | D:4      | Killed a phantom
  2734 | D:4      | Reached XP level 7. HP: 40/44 MP: 8/8
  2765 | D:4      | Reached skill level 5 in Fighting
  2826 | D:4      | Reached skill level 6 in Maces & Flails
  3156 | D:4      | Killed Sagittarian's ghost
  3322 | D:5      | Entered Level 5 of the Dungeon
  3322 | D:5      | Found a snail-covered altar of Cheibriados.
  3346 | D:5      | Reached XP level 8. HP: 50/50 MP: 8/10
  3419 | D:5      | Reached skill level 5 in Armour
  3433 | D:5      | Killed from afar by an orc priest

Skill      XL: |  1  2  3  4  5  6  7  8 |
---------------+-------------------------+-----
Fighting       | 4 5 |  5.5
Maces & Flails | 4 5 6 |  6.7
Armour         | 3 4 5 |  5.0
Evocations     | 1 2 |  2.9
Dodging        | |  1.5

Action                   |  1- 3 |  4- 6 |  7- 9 || total
-------------------------+-------+-------+-------++-------
Melee: Mace              |    93 |   207 |       ||   300
       Flail             |       |    20 |    66 ||    86
Invok: Berserk           |     1 |     2 |     3 ||     6
       Trog's Hand       |       |     2 |     1 ||     3
  Use: Scroll            |       |     9 |       ||     9
       Potion            |       |     2 |       ||     2
  Eat: Chunk             |     1 |     6 |     4 ||    11
       Fruit             |       |     3 |       ||     3
Armor: Leather armour    |     7 |       |       ||     7
       Scale mail        |    44 |   149 |    34 ||   227
       Skin              |       |    46 |       ||    46
Dodge: Dodged            |    48 |   139 |    26 ||   213
